 Dungeon Crawl Stone Soup version 0.29.0-4-gdea44cf6ec (webtiles) character file.

Game seed: 2800973242133697072

52 qw the Chopper (level 3, -5/21 HPs)
             Began as a Tengu Warper on Aug 28, 2022.
             Slain by Sigmund
             ... wielding a +1 scythe of venom
              (10 damage)
             ... on level 2 of the Dungeon.
             The game lasted 00:00:08 (2028 turns).

qw the Chopper (Tengu Warper)                       Turns: 2028, Time: 00:00:08

Health: -5/21      AC:  5    Str: 13    XL:     3   Next: 85%
Magic:  7/7        EV: 11    Int: 13    God:
Gold:   65         SH:  0    Dex: 13    Spells: 6/6 levels left

rFire   . . .      SeeInvis .   Y - +0 hand axe
rCold   . . .      Faith    .   (no shield)
rNeg    . . .      Spirit   .   e - +0 ring mail
rPois   .          Reflect  .   (helmet restricted)
rElec   .          Harm     .   (no cloak)
rCorr   .          Rampage  .   (no gloves)
Will    .....                   (boots unavailable)
Stlth   +.........              (no amulet)
HPRegen 0.07/turn               (no ring)
MPRegen 0.10/turn               (no ring)

@: no status effects
A: beak, talons 3
a: no special abilities


You were on level 2 of the Dungeon.
You visited 1 branch of the dungeon, and saw 2 of its levels.

You collected 65 gold pieces.


Innate Abilities, Weirdness & Mutations

You have a beak for a mouth.
You have claws for feet.


   Skills:
 - Level 2.0 Fighting
 + Level 4.4 Axes
 - Level 1.0 Throwing
 - Level 1.1 Armour
 - Level 2.1 Dodging
 - Level 2.0 Spellcasting
 - Level 2.4 Translocations


You had 6 spell levels left.
You didn't know any spells.
Your spell library contained the following spells:

 Spells                   Type           Power      Damage    Failure   Level
 Blink                    Tloc           14%        N/A       30%         2
 Gell's Gravitas          Tloc           7%         N/A       52%         3
 Lesser Beckoning         Tloc           7%         N/A       52%         3
 Teleport Other           Tloc           7%         N/A       52%         3
 Manifold Assault         Tloc           7%         N/A       99%         5

Inventory:

Hand Weapons
 g - a +0 club
 Y - a +0 hand axe (weapon)
Missiles
 d - 3 boomerangs of dispersal
 h - 3 javelins (quivered)
Armour
 e - a +0 ring mail (worn)
Scrolls
 a - a scroll of fog {unknown}
 b - 3 scrolls of identify
 i - a scroll of poison {unknown}
 j - 2 scrolls of amnesia {unknown}
Potions
 c - a potion of flight {unknown}
 f - a potion of heal wounds {unknown}
 k - a potion of attraction {unknown}

Dungeon Overview and Level Annotations

Branches:
Dungeon (2/15)

Altars:

Annotations:
D:2 Sigmund


Message History

Deactivating autopickup; reactivate with Ctrl-A.
You hit something.
The kobold throws a stone.
The stone barely misses you. Something hits you.
You are poisoned.
1991 ||| FLEEEEING.
You feel sick.
1992 ||| FLEEEEING.
You feel sick.
1993 ||| FLEEEEING.
You feel sick.
1994 ||| FLEEEEING.
You feel sick.
A magic dart appears from out of thin air!
The magic dart hits you.
1995 ||| FLEEEEING.
You feel sick.
1996 ||| FLEEEEING.
You feel sick.
You feel sick.
You are no longer poisoned.
2000 ||| FLEEEEING.
The kobold throws a stone.
2001 ||| FLEEEEING.
2002 ||| FLEEEEING.
Something tries to affect you, but you resist.
2003 ||| FLEEEEING.
Something tries to affect you, but you resist.
2004 ||| FLEEEEING.
2005 ||| FLEEEEING.
2006 ||| FLEEEEING.
2013 ||| FLEEEEING.
Something tries to affect you, but you resist.
2014 ||| FLEEEEING.
Something tries to affect you, but you resist.
You swing at nothing.
You swing at nothing.
You swing at nothing.
You swing at nothing.
Sigmund hits you with a +1 scythe of venom!
You die...

#.##....>...# ..
##.###.###..# .# ##
##.#.## #..# .# #.
##.## #..## .# #.#
#. ### #...# .# #.#
#.#K# .# #.# #.#g#
.# #.# #.#@##.###
#.# #...@.#..# #.#
#. ###.##.#.# #.#
#. #.##.#.#
#.####### #.##.#.#
##.....<.# #.##.#.#
#.........
#.##.#.###.###...>.
#..................
####............###
##############


You could see Sigmund, a hobgoblin and a kobold.

Vanquished Creatures
  2 adders (D:2)
  4 bats
  6 endoplasms
  2 hobgoblins
  A kobold (D:2)
  3 quokkas
  5 ball pythons
  3 frilled lizards
  3 goblins
  6 rats
35 creatures vanquished.

Notes
Turn   | Place    | Note
-------+----------+-------------------------------------------
     0 | D:1      | qw the Tengu Warper began the quest for the Orb.
     0 | D:1      | Reached XP level 1. HP: 12/12 MP: 4/4
     0 | D:1      | 0 ||| qw: Version: 0.1-a-89-g26bdef1
     0 | D:1      | 0 ||| qw: Game counter: 2067
     0 | D:1      | 0 ||| qw: Always use a shield: true
     0 | D:1      | 0 ||| qw: God list: Okawaru
     0 | D:1      | 0 ||| qw: Allow faded altars: false
     0 | D:1      | 0 ||| qw: Do Orc after D:15 true
     0 | D:1      | 0 ||| qw: Do second Lair branch before Depths: true
     0 | D:1      | 0 ||| qw: Lair rune preference: random
     0 | D:1      | 0 ||| qw: Plans: Normal
     0 | D:1      | 0 ||| PLANNING D:1-11
   195 | D:1      | Found a faded altar of an unknown god.
   341 | D:1      | Reached XP level 2. HP: 9/17 MP: 6/6
   343 | D:1      | Reached skill level 3 in Axes
  1047 | D:1      | 1047 ||| UPGRADING to +0 ring mail.
  1057 | D:1      | 1057 ||| DROPPING +0 leather armour.
  1058 | D:1      | 1058 ||| READING scroll labelled CIMEAFRECIRR.
  1059 | D:1      | 1059 ||| DROPPING scroll of blinking.
  1163 | D:2      | Reached XP level 3. HP: 21/21 MP: 7/7
  1327 | D:2      | Reached skill level 4 in Axes
  1591 | D:2      | HP: 3/21 [hobgoblin (3)]
  1983 | D:2      | Noticed Sigmund
  1984 | D:2      | 1984 ||| Stepping ~*~*~tactically~*~*~ (hiding).
  1986 | D:2      | 1986 ||| Stepping ~*~*~tactically~*~*~ (hiding).
  1987 | D:2      | 1987 ||| Stepping ~*~*~tactically~*~*~ (stealth).
  1991 | D:2      | 1991 ||| FLEEEEING.
  1992 | D:2      | 1992 ||| FLEEEEING.
  1993 | D:2      | 1993 ||| FLEEEEING.
  1994 | D:2      | 1994 ||| FLEEEEING.
  1995 | D:2      | 1995 ||| FLEEEEING.
  1995 | D:2      | HP: 5/21 [poisoned by Sigmund]
  1996 | D:2      | 1996 ||| FLEEEEING.
  2000 | D:2      | 2000 ||| FLEEEEING.
  2001 | D:2      | 2001 ||| FLEEEEING.
  2002 | D:2      | 2002 ||| FLEEEEING.
  2003 | D:2      | 2003 ||| FLEEEEING.
  2004 | D:2      | 2004 ||| FLEEEEING.
  2005 | D:2      | 2005 ||| FLEEEEING.
  2006 | D:2      | 2006 ||| FLEEEEING.
  2013 | D:2      | 2013 ||| FLEEEEING.
  2014 | D:2      | 2014 ||| FLEEEEING.
  2028 | D:2      | Slain by Sigmund

Levels and vault maps discovered:
D:1:      wander_arrival_lonely_grave, layout_basic,
          hellmonk_ecumenical_altar_run_dry, solitary_fountain
D:2:      layout_loops_ring, serial_glass, glass_columns_a, glass_columns_a,
          uniq_sigmund

Skill      XL: |  1  2  3 |
---------------+----------+-----
Axes           | 3 4 |  4.4
Fighting       | |  2.0
Throwing       | |  1.0
Armour         | |  1.1
Dodging        | |  2.1
Spellcasting   | |  2.0
Translocations | |  2.4

Action                   || total
-------------------------++-------
Melee: Hand axe          ||    66
       Kick              ||    10
       Peck              ||     3
Throw: Javelin           ||    38
       Boomerang         ||     4
  Use: Scroll            ||     1
Armor: Leather armour    ||     2
       Ring mail         ||    12
Dodge: Dodged            ||    21

Table legend:
 A = Non-vault XP
 B = Vault XP
 C = Vault XP percentage of total XP
 D = Non-vault monster count
 E = Vault monster count
 F = Vault count percentage of total count
                 A         B        C        D         E       F
            +---------+---------+-------+---------+---------+-------
      Total |      75 |       0 |   0.0 |      35 |       0 |   0.0
            +---------+---------+-------+---------+---------+-------
        D:1 |      22 |       0 |   0.0 |      16 |       0 |   0.0
        D:2 |      53 |       0 |   0.0 |      19 |       0 |   0.0
            +---------+---------+-------+---------+---------+-------
